 Dungeon Crawl Stone Soup version 0.30-a0-576-g89cddaab80 (webtiles) character file.

Game seed: 7906530063080722801

1567 Twinkles the Conjurer (level 8, -8/68 HPs)
             Began as a Green Draconian Conjurer on Dec 30, 2022.
             Mangled by a hornet (10 damage)
             ... on level 6 of the Dungeon.
             The game lasted 00:22:41 (6723 turns).

Twinkles the Conjurer (Green Draconian Conjurer)    Turns: 6723, Time: 00:22:42

Health: -8/68      AC:  9    Str:  9    XL:     8   Next: 59%
Magic:  0/15       EV: 13    Int: 20    God:
Gold:   372        SH:  0    Dex: 11    Spells: 14/17 levels left

rFire   . . .      SeeInvis .    v - +4 quarterstaff (chaos)
rCold   . . .      Faith    .    (shield currently unavailable)
rNeg    . . .      Spirit   .    (body armour unavailable)
rPois   +          Reflect  .    (helmet restricted)
rElec   .          Harm     .    u - +0 cloak
rCorr   .          Rampage  .    l - +0 pair of gloves
Will    .....                    o - +0 pair of boots
Stlth   ++                       (no amulet)
HPRegen 0.31/turn                (no ring)
MPRegen 0.14/turn                (no ring)

@: slowed, very slow
A: breathe noxious fumes, AC +6, unfitting armour, poison resistance,
cold-blooded
a: Breathe Noxious Fumes


You were on level 6 of the Dungeon.
You visited 1 branch of the dungeon, and saw 6 of its levels.

You collected 372 gold pieces.

Inventory:

Hand Weapons
 b - a +0 dagger
 f - a +3 dagger
 v - a +4 quarterstaff of chaos (weapon)
Missiles
 j - 3 poisoned darts
 q - 2 throwing nets
Armour
 l - a +0 pair of gloves (worn)
 o - a +0 pair of boots (worn)
 u - a +0 cloak (worn)
Jewellery
 g - an amulet of guardian spirit
 t - an amulet of faith
Scrolls
 d - 2 scrolls of amnesia {unknown}
 e - 2 scrolls of magic mapping {unknown}
 h - a scroll of brand weapon {unknown}
 i - a scroll of noise {unknown}
 k - a scroll of poison {unknown}
 m - a scroll of immolation {unknown}
 p - a scroll of fog {unknown}
 s - a scroll of fear {unknown}
 V - 2 scrolls of vulnerability
 Z - 8 scrolls of identify
Potions
 a - a potion of ambrosia {unknown}
 n - a potion of lignification {unknown}
 r - a potion of mutation {unknown}
 J - 3 potions of curing
 M - a potion of might
 N - a potion of heal wounds
 Q - a potion of magic


   Skills:
 + Level 5.3 Fighting
 + Level 4.8 Dodging
 - Level 1.9 Stealth
 + Level 5.0 Spellcasting
 + Level 6.4 Conjurations
 - Level 2.8 Hexes
 + Level 1.2 Translocations


You had 14 spell levels left.
You knew the following spells:

 Your Spells              Type           Power      Damage    Failure   Level
a - Magic Dart            Conj           100%       1d8       1%          1
b - Searing Ray           Conj           60%        2d6       1%          2

Your spell library contained the following spells:

 Spells                   Type           Power      Damage    Failure   Level
 Kiss of Death            Conj/Necr      68%        2d10      3%          1
 Dazzling Flash           Conj/Hex       46%        N/A       5%          3
 Confusing Touch          Hex            16%        N/A       11%         3
 Fulminant Prism          Conj/Hex       11%        3d9       17%         4
 Iskenderun's Mystic Bla  Conj/Tloc      20%        2d6       24%         4
 Dispel Undead            Necr           5%         3d7       75%         4


Dungeon Overview and Level Annotations

Branches:
Dungeon (6/15) Zot: 26295
 Temple: D:4-7

Altars:
Ashenzari
Trog
Yredelemnul

Shops:
D:2 [   D:3 ?

Annotations:
D:5 Sigmund


Innate Abilities, Weirdness & Mutations

You can breathe blasts of noxious fumes.
Your lurid green scales are hard. (AC +6)
You cannot fit into any form of body armour.
Your system is resistant to poisons. (rPois)
You are cold-blooded and may be slowed by cold attacks.


Message History

The phantom hits you but does no damage.
The hornet completely misses you. The phantom misses you.
You hit the hornet.
The hornet is almost dead.
You have got your breath back.
The hornet barely misses you. x2; The phantom hits you.
* * * LOW HITPOINT WARNING * * *
The phantom blinks!
You blink.
The phantom hits you but does no damage.
Aiming: Searing Ray (safe; 1% risk of failure)
Press: ? - help, Q - select action, (/) - cycle Shift-Dir - straight line, p - hornet The searing ray hits the phantom.
The phantom is lightly damaged. (Press . to maintain the ray.)
The phantom hits you but does no damage.
The searing ray hits the phantom!
The phantom is heavily damaged.
The phantom misses you.
The phantom hits you but does no damage.
The searing ray hits the phantom!
The phantom is almost destroyed.
You feel yourself speed up. The phantom barely misses you.
The searing ray hits the phantom!
You destroy the phantom!
You finish channelling your searing ray.
The hornet stings you.
* * * LOW HITPOINT WARNING * * *
The hornet stings you.
* * * LOW HITPOINT WARNING * * *
You feel yourself slow down.
Your Spellcasting skill increases to level 5!
Aiming: Searing Ray (safe; 1% risk of failure)
Press: ? - help, Q - select action, (/) - cycle Shift-Dir - straight line, f - hornet
Aim: a hornet (almost dead, 69% to hit)
The searing ray hits the hornet.
The hornet is almost dead. (Press . to maintain the ray.)
The hornet stings you!
You die...

.... .# .. .... .# #.
#.... .##. #.... ...
#..... .. ......##.#
.........##..#
#.....y@....# ..#
...........#... ....
............... ##...
............... .....
............##. .....#
..............
.......####.............
..............).........
.######..)#...<...


You could see a hornet.

Vanquished Creatures
  A water moccasin (D:5)
  An ice beast (D:5)
  A sky beast (D:6)
  A phantom (D:6)
  Blork the orc (D:5)
  A bullfrog (D:6)
  2 necrophages
  A scorpion (D:5)
  A wight (D:4)
  An electric eel (D:6)
  A bullfrog zombie (D:4)
  A centaur zombie (D:4)
  A hound (D:6)
  A human zombie (D:4)
  A jelly (D:6)
  3 gnoll boudas
  Crazy Yiuf (D:5)
  Jessica (D:2)
  An iguana (D:5)
  A scorpion zombie (D:4)
  Natasha (twice) (D:2)
  A hound zombie (D:4)
  3 mummies (D:4)
  10 adders
  14 gnolls
  A shadow imp (D:6)
  2 ufetubi
  2 adder zombies (D:4)
  3 worms
  A dart slug (D:3)
  11 orcs
  3 ball pythons
  5 bats
  4 endoplasms
  3 giant cockroaches
  4 goblins
  4 hobgoblins
  6 quokkas
  5 frilled lizards (D:1)
  8 kobolds
  8 rats
123 creatures vanquished.

Notes
Turn   | Place    | Note
-------+----------+-------------------------------------------
     0 | D:1      | Twinkles the Draconian Conjurer began the quest for the
                  | Orb.
     0 | D:1      | Reached XP level 1. HP: 14/14 MP: 3/3
    71 | D:1      | HP: 4/14 [kobold/+0 dagger (3)]
    78 | D:1      | HP: 3/14 [frilled lizard (2)]
   151 | D:1      | Reached XP level 2. HP: 18/20 MP: 5/5
   238 | D:1      | Learned a level 2 spell: Searing Ray
   519 | D:1      | Reached skill level 1 in Fighting
   578 | D:2      | Reached XP level 3. HP: 17/28 MP: 4/6
   657 | D:2      | Found Guaroeh's Antique Armour Shoppe.
  1335 | D:2      | Noticed Jessica
  1344 | D:2      | Killed Jessica
  1345 | D:2      | Reached XP level 4. HP: 21/36 MP: 1/8
  1411 | D:2      | Noticed Natasha
  1416 | D:2      | Killed Natasha
  1582 | D:2      | Noticed Natasha
  1590 | D:2      | Killed Natasha
  1591 | D:2      | Reached XP level 5. HP: 37/41 MP: 0/9
  1936 | D:3      | Found Tidyunar's Magic Scroll Emporium.
  2595 | D:4      | Reached skill level 5 in Conjurations
  2685 | D:4      | Reached XP level 6. HP: 40/50 MP: 0/11
  2915 | D:4      | Found a basalt altar of Yredelemnul.
  3313 | D:4      | Reached skill level 1 in Hexes
  3566 | D:4      | Your scales start taking on a lurid green colour.
  3566 | D:4      | Reached XP level 7. HP: 49/57 MP: 2/12
  3566 | D:4      | Gained mutation: Your system is resistant to poisons.
                  | (rPois) [Green Draconian growth]
  4176 | D:4      | Found a bloodstained altar of Trog.
  4249 | D:5      | Entered Level 5 of the Dungeon
  4528 | D:5      | Found a runed translucent door.
  4529 | D:5      | Noticed Crazy Yiuf
  5069 | D:5      | Noticed Blork the orc
  5079 | D:5      | Killed Blork the orc
  5080 | D:5      | Reached XP level 8. HP: 65/67 MP: 4/14
  5172 | D:5      | Noticed Sigmund
  5284 | D:5      | Reached skill level 6 in Conjurations
  5966 | D:5      | Killed Crazy Yiuf
  6354 | D:6      | Reached skill level 5 in Fighting
  6453 | D:6      | Found a broken altar of Ashenzari.
  6634 | D:6      | Reached skill level 1 in Translocations
  6704 | D:6      | Noticed a hornet
  6715 | D:6      | HP: 19/68 [hornet (9)]
  6716 | D:6      | HP: 8/68 [hornet (5)]
  6722 | D:6      | HP: 4/68 [hornet (5)]
  6722 | D:6      | HP: 1/68 [hornet (3)]
  6723 | D:6      | Reached skill level 5 in Spellcasting
  6723 | D:6      | Mangled by a hornet

Illustrated notes

Levels and vault maps discovered:
D:1:      minmay_arrival_arboretum_small, layout_rooms
D:2:      layout_loops_ring, serial_shops, nicolae_diamond_shop, uniq_natasha,
          uniq_jessica
D:3:      layout_rooms, serial_shops, nicolae_shop_statue_plus
D:4:      layout_basic, trog_antimagical, lemuel_mausoleum_altar_yredelemnul
D:5:      layout_cave_pods, patterned_corridor, uniq_blork_the_orc,
          uniq_crazy_yiuf_cottage, uniq_sigmund
D:6:      layout_cave_pools, evilmike_ruin_ashenzari,
          mainiacjoe_overflow_alcove_1, minmay_temple_entry_hall, serial_shops,
          kennysheep_little_box, st_stairs_9, kennysheep_big_empty_room

Skill      XL: |  1  2  3  4  5  6  7  8 |
---------------+-------------------------+-----
Dodging        | 2 3 4 |  4.8
Fighting       | 1 2 3 4 5 |  5.3
Spellcasting   | 3 4 5 |  5.0
Conjurations   | 5 6 |  6.4
Hexes          | 1 2 |  2.8
Translocations | 1 |  1.2
Stealth        | |  1.9

Action                   |  1- 3 |  4- 6 |  7- 9 || total
-------------------------+-------+-------+-------++-------
Melee: Unarmed           |    36 |       |       ||    36
       Dagger            |    47 |    47 |    32 ||   126
       Tailslap          |     6 |    10 |    10 ||    26
       Punch             |     1 |     1 |       ||     2
       Quarterstaff      |       |       |    17 ||    17
 Cast: Magic Dart        |     7 |       |     1 ||     8
       Searing Ray       |    14 |    34 |    47 ||    95
 Abil: Breathe Noxious F |       |       |     3 ||     3
  Use: Scroll            |       |     3 |       ||     3
 Stab: Sleeping          |     3 |     2 |     2 ||     7
Armor: Skin              |    31 |    37 |    43 ||   111
Dodge: Dodged            |    60 |    57 |    79 ||   196

Table legend: (Time is in decaauts)
 A = Elapsed time spent in this place.
 B = Non-inter-level travel time spent in this place.
 C = Inter-level travel time spent in this place.
 D = Time resting spent in this place.
 E = Time spent auto-exploring this place.
 F = Levels seen in this place.
 G = Mean time per level.
                   A        B        C        D        E       F      G
               +--------+--------+--------+--------+--------+-----+--------+
         Total |   6735 |   6532 |    203 |    757 |   4517 |   6 | 1122.5 |
       Dungeon |   6735 |   6532 |    203 |    757 |   4517 |   6 | 1122.5 |
               +--------+--------+--------+--------+--------+-----+--------+

Top non-repeatable levels by time:
     D:4: 2068 daAuts
     D:5: 1693 daAuts
     D:2: 1132 daAuts
     D:6: 703 daAuts
     D:1: 572 daAuts
     D:3: 565 daAuts
